 Dungeon Crawl Stone Soup version 0.31-a0-239-g0a1456f148 (webtiles) character file.

Game seed: 10609248767296574089

400 qw the Shooter (level 6, -13/52 HPs)
             Began as a Minotaur Hexslinger on July 11, 2023.
             Mangled by Prince Ribbit (16 damage)
             ... on level 5 of the Dungeon.
             The game lasted 00:01:02 (2119 turns).

qw the Shooter (Minotaur Hexslinger)                Turns: 2119, Time: 00:01:03

Health: -13/52     AC:  7    Str: 13    XL:     6   Next: 54%
Magic:  6/6        EV: 12    Int: 10    God:
Gold:   167        SH:  0    Dex: 14    Spells: 6/7 levels left

rFire   + + .        Y - +2 sling
rCold   . . .        (no shield)
rNeg    . . .        h - +3 leather armour {rF+}
rPois   .            (helmet restricted)
rElec   .            (no cloak)
rCorr   .            c - +0 pair of gloves
SInv    .            (no boots)
Will    .....        (no amulet)
Stlth   +            k - ring of protection from fire
HPRegen 0.28/turn    (no ring)
MPRegen 0.10/turn

%: no passive effects
@: about to teleport
A: horns 2, retaliatory headbutt
a: no special abilities


You were on level 5 of the Dungeon.
You visited 1 branch of the dungeon, and saw 5 of its levels.

You collected 229 gold pieces.
You spent 62 gold pieces at shops.


Innate Abilities, Weirdness & Mutations

You have a pair of horns on your head.
You reflexively headbutt those who attack you in melee.


   Skills:
 - Level 4.2 Fighting
 + Level 6.3 Ranged Weapons
 - Level 2.1 Armour
 - Level 2.1 Dodging
 - Level 1.0 Spellcasting
 - Level 2.0 Hexes


You had 6 spell levels left.
You knew the following spells:

 Your Spells              Type           Power      Damage    Failure   Level
a - Slow                  Hex            16%        N/A       19%         1

Your spell library contained the following spells:

 Spells                   Type           Power      Damage    Failure   Level
 Inner Flame              Hex/Fire       2%         N/A       65%         3
 Portal Projectile        Hex/Tloc       4%         N/A       65%         3
 Cause Fear               Hex            2%         N/A       88%         4

Inventory:

Hand Weapons
 Y - a +2 sling (weapon)
Armour
 c - a +0 pair of gloves (worn)
 d - a +0 cloak
 h - a +3 leather armour of fire resistance (worn)
Jewellery
 k - a ring of protection from fire (left hand)
Scrolls
 e - a scroll of teleportation
 j - a scroll of identify
Potions
 a - a potion of enlightenment
 b - a potion of might
 f - a potion of mutation {unknown}
 l - a potion of curing {unknown}

Dungeon Overview and Level Annotations

Branches:
Dungeon (6/15)
 Temple: D:4-7

Altars:

Shops:
D:1 [

Annotations:
D:5 1 transporter, Prince Ribbit


Message History

You shoot a sling bullet. The sling bullet hits Prince Ribbit.
Prince Ribbit is severely wounded.
Prince Ribbit barely misses you. You furiously retaliate!
You headbutt Prince Ribbit. You shoot a sling bullet.
The sling bullet closely misses Prince Ribbit.
Prince Ribbit croaks regally.
Prince Ribbit hits you but does no damage.
You shoot a sling bullet. The sling bullet hits Prince Ribbit.
Prince Ribbit is almost dead.
Prince Ribbit hits you but does no damage.
Prince Ribbit blinks!
You shoot a sling bullet.
The sling bullet barely misses Prince Ribbit.
Prince Ribbit blinks!
You shoot a sling bullet.
The sling bullet barely misses Prince Ribbit.
Prince Ribbit catches a small bird with his tongue.
You shoot a sling bullet.
The sling bullet barely misses Prince Ribbit.
You shoot a sling bullet. The sling bullet hits Prince Ribbit.
Prince Ribbit is severely wounded.
You shoot a sling bullet. The sling bullet hits Prince Ribbit.
Prince Ribbit is almost dead.
Prince Ribbit misses you.
You shoot a sling bullet.
The sling bullet closely misses Prince Ribbit.
Prince Ribbit croaks regally.
Prince Ribbit hits you.
You shoot a sling bullet. The sling bullet misses Prince Ribbit.
Prince Ribbit hits you! x2
2118 ||| READING 2 scrolls of teleportation.
As you read the scroll of teleportation, it crumbles to dust.
You feel strangely unstable. Prince Ribbit barely misses you.
You furiously retaliate!
You headbutt Prince Ribbit! You shoot a sling bullet.
The sling bullet barely misses Prince Ribbit.
Prince Ribbit hits you!
You die...

. ##...
###########......
........F@%......
........###....##
#######.# ##.#
~~S#P8#.##
....#..#..## .
.7...+[^#^..###..
.....#..#...#...#
~~~~S#P8#.#...#
#########...###


You could see Prince Ribbit and an electric eel.

Vanquished Creatures
  A sky beast (D:6)
  2 scorpions
  2 hounds (D:5)
  5 adders
  An ufetubus (D:3)
  7 orcs
  5 ball pythons
  5 endoplasms
  2 giant cockroaches
  10 goblins
  7 hobgoblins
  3 jackals (D:2)
  4 kobolds
  2 quokkas (D:2)
  6 bats
  4 frilled lizards
  4 rats
70 creatures vanquished.

Notes
Turn   | Place    | Note
-------+----------+-------------------------------------------
     0 | D:1      | qw the Minotaur Hexslinger began the quest for the Orb.
     0 | D:1      | Reached XP level 1. HP: 16/16 MP: 1/1
     0 | D:1      | 0 ||| qw: Version: 0.3-a-52-g30416fa
     0 | D:1      | 0 ||| qw: Game counter: 5949
     0 | D:1      | 0 ||| qw: Melee chars always use a shield: true
     0 | D:1      | 0 ||| qw: God list: Okawaru
     0 | D:1      | 0 ||| qw: Allow faded altars: false
     0 | D:1      | 0 ||| qw: Do Orc after clearing Dungeon:15 true
     0 | D:1      | 0 ||| qw: Do second Lair branch before Depths: true
     0 | D:1      | 0 ||| qw: Lair rune preference: random
     0 | D:1      | 0 ||| qw: Goals: Normal
     0 | D:1      | 0 ||| PLANNING D:1-11
    50 | D:1      | Reached skill level 3 in Ranged Weapons
    50 | D:1      | Reached XP level 2. HP: 15/23 MP: 2/2
   444 | D:1      | Found a faded altar of an unknown god.
   639 | D:1      | Found Fut Ippu's Antique Armour Boutique.
   647 | D:1      | 647 ||| SHOPLISTING glowing leather armour (155 gold, have
                  | 68).
   647 | D:1      | 647 ||| BUYING leather armour (62 gold).
   647 | D:1      | Bought a leather armour for 62 gold pieces
   647 | D:1      | 647 ||| SHOPLISTING pair of embroidered boots (232 gold,
                  | have 6).
   647 | D:1      | 647 ||| SHOPLISTING ring mail (124 gold, have 6).
   647 | D:1      | 647 ||| SHOPLISTING runed leather armour (155 gold, have
                  | 6).
   726 | D:1      | Reached XP level 3. HP: 29/29 MP: 3/3
   751 | D:1      | 751 ||| UPGRADING to +0 leather armour.
   761 | D:1      | 761 ||| DROPPING +0 robe.
   762 | D:1      | 762 ||| READING scroll labelled QALAKY NAEG.
   763 | D:1      | 763 ||| READING scroll labelled VEIJICUASS.
   766 | D:1      | 766 ||| READING scroll labelled VEUDOU COUCAI.
   767 | D:1      | 767 ||| DROPPING scroll of poison.
   829 | D:2      | Reached skill level 4 in Ranged Weapons
   844 | D:2      | Identified the +9 spear of Absolution {heavy, rN+ Will+
                  | Int+2}
  1138 | D:2      | Reached XP level 4. HP: 34/36 MP: 4/4
  1259 | D:2      | 1259 ||| UPGRADING to +0 ring mail.
  1269 | D:2      | 1269 ||| UPGRADING to +0 pair of gloves.
  1274 | D:2      | 1274 ||| UPGRADING to +3 leather armour.
  1284 | D:2      | 1284 ||| DROPPING +0 ring mail.
  1285 | D:2      | 1285 ||| DROPPING +0 leather armour.
  1286 | D:2      | 1286 ||| UPGRADING to ring of protection from fire.
  1287 | D:2      | 1287 ||| READING scroll labelled CAYGAPP FO OLE.
  1288 | D:2      | 1288 ||| READING 2 scrolls labelled FINIUXTO WAUX.
  1289 | D:2      | 1289 ||| READING scroll labelled PIURIC MOSHOM.
  1290 | D:2      | 1290 ||| DRINKING 2 fuming red potions.
  1299 | D:2      | 1299 ||| DROPPING potion of ambrosia.
  1544 | D:3      | Reached skill level 5 in Ranged Weapons
  1650 | D:3      | You fall into a shaft and drop 3 floors!
  1680 | D:6      | Noticed a sky beast
  1755 | D:6      | Noticed a water moccasin
  1755 | D:6      | Noticed a bullfrog
  1756 | D:6      | Noticed a black bear
  1789 | D:6      | Noticed a scorpion
  1797 | D:6      | Killed a scorpion
  1798 | D:6      | Reached skill level 3 in Fighting
  1798 | D:6      | Reached XP level 5. HP: 46/46 MP: 5/5
  1945 | D:6      | Noticed a sky beast
  1960 | D:6      | Killed a sky beast
  1961 | D:6      | Reached skill level 6 in Ranged Weapons
  1961 | D:6      | Reached XP level 6. HP: 40/52 MP: 6/6
  2010 | D:6      | 2010 ||| UPGRADING to +3 leather armour of fire resistance.
  2020 | D:6      | 2020 ||| DROPPING +3 leather armour.
  2021 | D:6      | 2021 ||| DROPPING amulet of magic regeneration.
  2022 | D:6      | 2022 ||| READING scroll labelled PURPHY GASKIFI.
  2023 | D:6      | 2023 ||| DRINKING 2 murky clear potions.
  2024 | D:6      | 2024 ||| READING 2 scrolls of identify.
  2024 | D:6      | 2024 ||| IDENTIFYING black potion
  2034 | D:5      | Entered Level 5 of the Dungeon
  2057 | D:5      | Found a transporter.
  2087 | D:5      | Noticed Prince Ribbit
  2117 | D:5      | HP: 3/52 [Prince Ribbit (12)]
  2118 | D:5      | 2118 ||| READING 2 scrolls of teleportation.
  2119 | D:5      | Mangled by Prince Ribbit

Levels and vault maps discovered:
D:1:      grunt_arrival_crossed_arrows, layout_loops_ring, serial_shops,
          nicolae_shop_competitors_out_of_business,
          hellmonk_ecumenical_altar_inner_sanctum
D:2:      layout_rooms
D:3:      layout_loops_corners, st_stairs_14
D:5:      gammafunk_steamed_eel, layout_basic, cheibriados_altar_1,
          mainiacjoe_overflow_paths, uniq_prince_ribbit1
D:6:      minmay_chambers_of_fours, layout_loops_cross,
          mainiacjoe_overflow_cross_hatched, serial_shops, nicolae_shop_stone,
          nicolae_fountain_basement

Skill      XL: |  1  2  3  4  5  6 |
---------------+-------------------+-----
Ranged Weapons | 3 4 5 6 |  6.3
Fighting       | 2 3 4 |  4.2
Armour         | 2 |  2.1
Dodging        | |  2.1
Spellcasting   | |  1.0
Hexes          | |  2.0

Action                     |  1- 3 |  4- 6 || total
---------------------------+-------+-------++-------
   Fire: Sling             |   109 |   127 ||   236
    Use: Scroll            |     3 |     6 ||     9
         Potion            |       |     2 ||     2
 Armour: Robe              |     1 |       ||     1
         Leather armour    |     5 |    23 ||    28
  Dodge: Dodged            |    23 |    39 ||    62

Table legend:
 A = Non-vault XP
 B = Vault XP
 C = Vault XP percentage of total XP
 D = Non-vault monster count
 E = Vault monster count
 F = Vault count percentage of total count
                 A         B        C        D         E       F
            +---------+---------+-------+---------+---------+-------
      Total |     572 |       0 |   0.0 |      70 |       0 |   0.0
            +---------+---------+-------+---------+---------+-------
        D:1 |      46 |       0 |   0.0 |      27 |       0 |   0.0
        D:2 |      68 |       0 |   0.0 |      19 |       0 |   0.0
        D:3 |      41 |       0 |   0.0 |      13 |       0 |   0.0
        D:5 |     186 |       0 |   0.0 |       4 |       0 |   0.0
        D:6 |     231 |       0 |   0.0 |       7 |       0 |   0.0
            +---------+---------+-------+---------+---------+-------
